Match 46842589
Unlisted

Match 46842589
End
Construct Infanterie Kompanie
Pioneer Squad
Selects Breakthrough Battlegroup
Grenadier Squad
Grenadier Squad
MG 42 Machine Gun Team
Medical Station
Construct Panzergrenadier Kompanie
Selects Assault Grenadiers
Selects Breakthrough
Breakthrough
Selects Mechanized Assault Group
Mechanized Assault Group
251 Medium Carrier
Selects Rapid Production
Selects Blitzkrieg
Panzergrenadier Squad
Panzergrenadier Officer Quarters
Enfury
71chy
Herr Blautier
EPHX_Valkyrion
0
0

Comments sign in to comment!

No comments posted yet!